 Dungeon Crawl Stone Soup version 0.27.1-35-g4d5d836560 (webtiles) character file.

Game seed: 9836267408807503055

58 Delamore the Sneak (level 4, -3/29 HPs)
             Began as an Octopode Brigand on Apr 14, 2022.
             Killed by divine providence
             ... invoked by an orc priest
              (14 damage)
             ... on level 3 of the Dungeon.
             The game lasted 00:01:39 (2102 turns).

Delamore the Sneak (Octopode Brigand)               Turns: 2102, Time: 00:01:40

Health: -3/29      AC:  1    Str: 10    XL:     4   Next: 1%
Magic:  4/4        EV: 12    Int: 13    God:
Gold:   56         SH:  0    Dex: 14    Spells: 3/3 levels left

rFire    . . .     SeeInvis .   a - +2 dagger
rCold    . . .     Faith    .   (no shield)
rNeg     . . .     Spirit   .   (helmet restricted)
rPois    +         Reflect  .   (no amulet)
rElec    .         Harm     .   g - ring of poison resistance
rCorr    .         Rampage  .   (no ring)
Will     .....                  (no ring)
Stlth    ++++......             (no ring)
HPRegen  0.09/turn              (no ring)
MPRegen  0.09/turn              (no ring)
                                (no ring)
                                (no ring)

@: studying Spellcasting
A: almost no armour, amphibious, 8 rings, camouflage 1, gelatinous body 1,
(nimble swimmer 1), tentacles
a: no special abilities


You were on level 3 of the Dungeon.
You visited 1 branch of the dungeon, and saw 3 of its levels.

You collected 56 gold pieces.

Inventory:

Hand Weapons
 a - a +2 dagger (weapon)
 d - a +0 rapier
Missiles
 b - 8 poisoned darts (quivered)
 c - 2 curare-tipped darts
Jewellery
 g - a ring of poison resistance (left tentacle)
Scrolls
 f - 2 scrolls of teleportation
 h - a scroll of enchant weapon
 i - a scroll of magic mapping {unknown}
 j - a scroll of blinking {unknown}
 m - a scroll of amnesia {unknown}
Potions
 e - a potion of heal wounds {unknown}
 k - 2 potions of haste {unknown}
 l - a potion of attraction {unknown}


   Skills:
 - Level 2.0 Fighting
 * Level 3.6 Short Blades
 - Level 2.0 Throwing
 - Level 1.0 Dodging
 + Level 6.0 Stealth
 + Level 0.2 Spellcasting


You had 3 spell levels left.
You didn't know any spells.
Your spell library contained the following spells:

 Spells                   Type           Power      Damage    Failure   Level
 Freeze                   Ice            0%         1d3       30%         1
 Summon Small Mammal      Summ           0%         N/A       30%         1
 Call Canine Familiar     Summ           0%         N/A       67%         3
 Frozen Ramparts          Ice            0%         1d2       67%         3
 Summon Guardian Golem    Hex/Summ       0%         N/A       67%         3
 Hailstorm                Conj/Ice       0%         3d3       97%         4


Dungeon Overview and Level Annotations

Branches:
Dungeon (3/15)

Altars:
Yredelemnul

Shops:
D:1 [


Innate Abilities, Weirdness & Mutations

You cannot wear most types of armour.
You are amphibious.
You can wear up to eight rings at the same time.
Your skin changes colour to match your surroundings (Stealth+).
Your rubbery body absorbs attacks. (AC +1, EV +1)
((You are camouflaged near water. (Stealth+)))
You have tentacles for arms and can constrict up to eight enemies at once.


Message History

The goblin shouts!
You hit the endoplasm.
The endoplasm is severely wounded.
The endoplasm hits you.
You barely miss the endoplasm.
The endoplasm is severely wounded.
The endoplasm freezes you.
You are frozen.
You hit the endoplasm.
The endoplasm is almost dead.
The endoplasm closely misses you.
You hit the endoplasm but do no damage. You squeeze the endoplasm.
You kill the endoplasm!
An orc priest comes into view. It is wielding a +0 hand axe.
The eye of devastation pulsates ominously.
The orc shouts!
You hit the goblin. Your grab misses the goblin.
The goblin is heavily wounded.
The goblin hits you with a +0 dagger.
You miss the goblin. Your grab misses the goblin.
Your squeeze misses the goblin.
The goblin is heavily wounded.
The goblin closely misses you.
You barely miss the goblin. You grab the goblin.
The goblin is heavily wounded.
You constrict the goblin. The goblin hits you but does no damage.
You hit the goblin.
You kill the goblin!
You have reached level 4!
Things that are here:
a +0 dagger; a goblin corpse You hit the orc.
Your grab misses the orc.
The orc is severely wounded.
The orc priest calls down the wrath of Beogh upon you.
Beogh smites you!
You hit the orc.
You kill the orc!
The orc priest invokes the aid of Beogh against you.
Beogh smites you!
You die...

#.# ... #.# #.# #.#
#.# #.#### ########.#
#### #....# #......#.#
... ####.###.####.#.#
<.# #.......##.#)# ..#
##.
#####.#......##..#....
#.####...@)....... #.#
#.###...###. #..
)..#G#...#G#
#####..###..o###
##.........$.#
#....._.....#
#J..........#
#.###...###.#
#.#G#...#G#..


You could see an eye of devastation and an orc priest.

Vanquished Creatures
  An adder (D:2)
  2 orcs (D:3)
  6 ball pythons
  5 bats
  5 endoplasms
  9 goblins
  3 hobgoblins
  3 jackals (D:1)
  3 quokkas
  A kobold (D:1)
  5 rats (D:1)
43 creatures vanquished.

Notes
Turn   | Place    | Note
-------+----------+-------------------------------------------
     0 | D:1      | Delamore the Octopode Brigand began the quest for the Orb.
     0 | D:1      | Reached XP level 1. HP: 14/14 MP: 1/1
    62 | D:1      | Reached XP level 2. HP: 7/19 MP: 2/2
   418 | D:1      | Found Xotey's Antique Armour Boutique.
   665 | D:1      | Reached XP level 3. HP: 24/24 MP: 3/3
  1153 | D:2      | Found a basalt altar of Yredelemnul.
  1180 | D:2      | Reached skill level 6 in Stealth
  2069 | D:3      | Noticed an eye of devastation
  2071 | D:3      | Found a faded altar of an unknown god.
  2072 | D:3      | Noticed a golden eye
  2072 | D:3      | Noticed a shining eye
  2072 | D:3      | Noticed a floating eye
  2100 | D:3      | Reached XP level 4. HP: 21/29 MP: 4/4
  2102 | D:3      | Killed from afar by an orc priest

Illustrated notes

Levels and vault maps discovered:
D:1:      dpeg_arrival_radiant, layout_basic, serial_shops, shop_statue,
          minmay_misc_feat_doors
D:2:      layout_basic, basic_altar, st_stairs_5
D:3:      layout_loops_cross, hellmonk_ecumenical_altar_watching_god,
          wander_ebering_terrifying_dragon_lair, uniq_terence

Skill      XL: |  1  2  3 |
---------------+----------+-----
Short Blades   | 3 |  3.6
Stealth        | 6 |  6.0
Fighting       | |  2.0
Throwing       | |  2.0
Dodging        | |  1.0
Spellcasting   | |  0.2

Action                   |  1- 3 |  4- 6 || total
-------------------------+-------+-------++-------
Melee: Dagger            |    79 |     2 ||    81
       Constrict         |    19 |       ||    19
       Tentacles         |     8 |       ||     8
  Use: Scroll            |     2 |       ||     2
 Stab: Sleeping          |    10 |       ||    10
       Distracted        |     1 |       ||     1
Armor: Skin              |     5 |       ||     5
Dodge: Dodged            |    37 |       ||    37
